 Dungeon Crawl Stone Soup version 0.30.0-5-g1a98f26d00 (webtiles) character file.

Game seed: 4608401484631585788

78 growler the Insei (level 4, 0/32 HPs)
             Began as a Merfolk Transmuter on May 12, 2023.
             Succumbed to an adder's poison
             ... on level 3 of the Dungeon.
             The game lasted 00:04:35 (1847 turns).

growler the Insei (Merfolk Transmuter)              Turns: 1847, Time: 00:04:36

Health: 0/32       AC:  2    Str: 10    XL:     4   Next: 36%
Magic:  8/8        EV: 12    Int: 14    God:
Gold:   139        SH:  0    Dex: 14    Spells: 2/8 levels left

rFire   . .          .
                       - Unarmed
rCold   . . .        (no shield)
rNeg    . . .        a - +0 robe
rPois   .            (helmet currently unavailable)
rElec   .            (no cloak)
rCorr   .            (no gloves)
SInv    .            (boots currently unavailable)
Will    .....        (no amulet)
Stlth   +            (no ring)
HPRegen 0.25/turn    (no ring)
MPRegen 0.11/turn

%: no passive effects
@: lethally poisoned (0 -> -6), appendages
A: horns 2, (nimble swimmer 2), mertail
a: End Transformation


You were on level 3 of the Dungeon.
You had temporarily grown beastly horns.
You visited 1 branch of the dungeon, and saw 3 of its levels.

You collected 139 gold pieces.

Inventory:

Armour
 a - a +0 robe (worn)
Scrolls
 c - a scroll of blinking {unknown}
 e - 3 scrolls of fog
 f - a scroll of fear {unknown}
 h - a scroll of enchant armour {unknown}
 i - a scroll of teleportation
 j - a scroll of enchant weapon {unknown}
 k - a scroll of poison {unknown}
 q - a scroll of immolation {unknown}
Potions
 b - 2 potions of lignification
 d - a potion of flight
 l - a potion of cancellation
 m - a potion of curing
 n - a potion of mutation
 o - a potion of heal wounds {unknown}
 p - a potion of brilliance {unknown}


   Skills:
 - Level 1.1 Fighting
 - Level 2.6 Dodging
 + Level 4.1 Unarmed Combat
 + Level 2.9 Spellcasting
 - Level 4.0 Transmutations


You had 2 spell levels left.
You knew the following spells:

 Your Spells              Type           Power      Damage    Failure   Level
a - Beastly Appendage     Tmut           26%        N/A       4%          1
b - Wereblood             Tmut           13%        N/A       6%          2
c - Spider Form           Tmut/Pois      7%         N/A       28%         3

Your spell library contained the following spells:

 Spells                   Type           Power      Damage    Failure   Level
 Sting                    Tmut/Pois      28%        1d4       10%         1
 Poisonous Vapours        Pois/Air       4%         N/A       32%         2
 Ice Form                 Ice/Tmut       7%         N/A       67%         4
 Olgreb's Toxic Radiance  Pois           2%         N/A       91%         4


Dungeon Overview and Level Annotations

Branches:
Dungeon (3/15)

Altars:


Innate Abilities, Weirdness & Mutations

You have temporarily grown beastly horns.
((You are very nimble when in or above water. (Stealth+, EV+, Speed+++)))
Your lower body shifts to a powerful aquatic tail in water.


Message History

The adder is moderately wounded.
You feel sick. The adder misses you.
You closely miss the adder.
The adder is moderately wounded.
You feel sick.
You are no longer poisoned.
The adder bites you. x2
You are too injured to fight recklessly!
You are too injured to fight recklessly!
You are too injured to fight recklessly!
You are too injured to fight recklessly!
You miss the adder. Your headbutt misses the adder.
You punch the adder, but do no damage.
The adder is moderately wounded.
The adder bites you.
You are poisoned.
The adder poisons you!
You hit the adder.
The adder is heavily wounded.
You feel sick. The adder bites you.
You are lethally poisoned!
The adder poisons you!
You barely miss the adder.
The adder is heavily wounded.
* * * LOW HITPOINT WARNING * * *
You feel very sick. The adder misses you.
You closely miss the adder.
You headbutt the adder, but do no damage.
The adder is heavily wounded.
* * * LOW HITPOINT WARNING * * *
You feel sick. The adder completely misses you.
You closely miss the adder.
The adder is heavily wounded.
* * * LOW HITPOINT WARNING * * *
You feel sick. The adder closely misses you. The adder bites you.
* * * LOW HITPOINT WARNING * * *
You miss the adder. You headbutt the adder.
The adder is severely wounded.
You die...

..........#######.#
........#.# .#
.....>.##.# ##.
..........# ...
.......#### # #..
.......# #.#.# ........#
#.#.####.# ####.....#
#...S....# .......#
##@##
##.........####...######
.+.........+............
##.........####...#####
##.......## ##..# ##.#
#.# #+# #†# #.# #.#


You could see an adder.

Vanquished Creatures
  3 adders
  3 worms
  A dart slug (D:2)
  6 ball pythons
  3 endoplasms
  4 goblins (D:1)
  3 hobgoblins
  4 jackals (D:1)
  4 quokkas (D:1)
  3 bats
  2 frilled lizards (D:1)
  A kobold (D:2)
  5 rats
42 creatures vanquished.

Notes
Turn   | Place    | Note
-------+----------+-------------------------------------------
     0 | D:1      | growler the Merfolk Transmuter began the quest for the Orb.
     0 | D:1      | Reached XP level 1. HP: 15/15 MP: 3/3
   117 | D:1      | Reached XP level 2. HP: 17/21 MP: 3/5
   120 | D:1      | Learned a level 2 spell: Wereblood
   609 | D:1      | Reached XP level 3. HP: 26/26 MP: 2/6
   620 | D:1      | Learned a level 3 spell: Spider Form
   817 | D:2      | Identified the +3 dagger "Aubergine" {holy, rC+ Int+3}
  1531 | D:3      | Reached XP level 4. HP: 23/32 MP: 8/8
  1846 | D:3      | HP: 1/32 [adder (4)]
  1847 | D:3      | Succumbed to an adder's poison

Illustrated notes

Levels and vault maps discovered:
D:1:      dpeg_arrival_tiny_a, layout_rooms
D:2:      layout_rooms, patterned_corridor
D:3:      layout_loops_corners, uniq_sigmund, uniq_robin

Skill      XL: |  1  2  3  4 |
---------------+-------------+-----
Transmutations | 3 4 |  4.0
Unarmed Combat | 4 |  4.1
Fighting       | |  1.1
Dodging        | |  2.6
Spellcasting   | |  2.9

Action                     |  1- 3 |  4- 6 || total
---------------------------+-------+-------++-------
  Melee: Unarmed           |   132 |    34 ||   166
         Punch             |     7 |     2 ||     9
         Headbutt          |    11 |     7 ||    18
   Cast: Beastly Appendage |    25 |     6 ||    31
         Wereblood         |     1 |       ||     1
         Spider Form       |     1 |       ||     1
    Use: Scroll            |     6 |       ||     6
 Armour: Robe              |    19 |     4 ||    23
  Dodge: Dodged            |    98 |    13 ||   111
